 Dungeon Crawl Stone Soup version 0.26.1-11-gd32895ea62 (webtiles) character file.

Game seed: 7004916600441950584

1330 Almogavar the Stinger (level 8, -3/44 HPs)
             Began as a Gargoyle Venom Mage on May 13, 2021.
             Was a Follower of Sif Muna.
             Killed by nerve-wracking pain
             ... invoked by an orc priest
              (6 damage)
             ... on level 7 of the Dungeon.
             The game lasted 00:30:17 (8574 turns).

Almogavar the Stinger (Gargoyle Venom Mage)         Turns: 8574, Time: 00:30:18

Health: -3/44      AC: 20    Str: 13    XL:     8   Next: 60%
Magic:  20/24      EV: 17    Int: 17    God:    Sif Muna [*.....]
Gold:   257        SH:  5    Dex: 10    Spells: 11/17 levels left

rFire    . . .     SeeInvis .   o - +2 flail (protect)
rCold    . . .     Faith    .   (no shield)
rNeg     + . .     Spirit   .   a - +0 robe
rPois    ∞         Reflect  +   m - +2 helmet
rElec    +         Harm     .   (no cloak)
rCorr    .         Rampage  .   x - +1 pair of gloves
Will     .....                  y - +0 pair of boots
Stlth    ++........             C - amulet of reflection
HPRegen  0.14/turn              b - +4 ring of evasion
MPRegen  0.19/turn              t - ring of magical power

@: protection aura
A: negative energy resistance 1, electricity resistance, unbreathing,
petrification resistance, miasma immunity, AC +5
a: Renounce Religion, Channel Magic


You were on level 7 of the Dungeon.
You worshipped Sif Muna.
Sif Muna was aware of your devotion.
You visited 2 branches of the dungeon, and saw 8 of its levels.

You collected 296 gold pieces.
You spent 39 gold pieces at shops.

Inventory:

Hand Weapons
 e - the +1 dagger "Utyodgho" {vamp, Dex+4}
   (You found it on level 6 of the Dungeon)

   It inflicts no extra harm, but heals its wielder when it wounds a living foe.
   It affects your dexterity (+4).
 h - a +0 hand axe
 o - a +2 flail of protection (weapon)
Missiles
 g - 109 bolts
Armour
 a - a +0 robe (worn)
 c - a +1 leather armour
 m - a +2 helmet (worn)
 x - a +1 pair of gloves (worn)
 y - a +0 pair of boots (worn)
Jewellery
 b - a +4 ring of evasion (left hand)
 t - a ring of magical power (right hand)
 C - an amulet of reflection (around neck)
Scrolls
 d - 2 scrolls of enchant armour
 n - 2 scrolls of magic mapping
 q - 2 scrolls of amnesia
 u - a scroll of fear {unknown}
 B - a scroll of teleportation
Potions
 f - 2 potions of berserk rage
 i - 3 potions of curing
 j - 2 potions of flight
 l - 5 potions of haste
 p - a potion of cancellation {unknown}
 r - a potion of magic {unknown}
 s - a potion of lignification {unknown}
 v - a potion of invisibility
 w - 2 potions of resistance {unknown}
 z - 2 potions of degeneration {unknown}
 A - 2 potions of heal wounds {unknown}


   Skills:
 + Level 2.2 Fighting
 + Level 3.2 Dodging
 + Level 3.2 Stealth
 + Level 2.0 Shields
 + Level 5.1 Spellcasting
 + Level 3.4 Transmutations
 + Level 0.7 Air Magic
 + Level 6.1 Poison Magic


You had 11 spell levels left.
You knew the following spells:

 Your Spells              Type           Power        Failure   Level
a - Sting                 Tmut/Pois      80%          1%          1
b - Poisonous Vapours     Pois/Air       32%          5%          2
c - Ignite Poison         Fire/Tmut/Pois 15%          12%         3

Your spell library contained the following spells:

 Spells                   Type           Power        Failure   Level
 Olgreb's Toxic Radiance  Pois           25%          11%         4
 Mephitic Cloud           Conj/Pois/Air  12%          17%         3


Dungeon Overview and Level Annotations

Branches:
Dungeon (7/15)             Temple (1/1) D:4

Altars:
Ashenzari
Cheibriados
Dithmenos
Elyvilon
Fedhas
Gozag
Hepliaklqana
Kikubaaqudgha
Makhleb
Nemelex Xobeh
Okawaru
Ru
Sif Muna
Trog
Uskayaw
Vehumet
Xom
Zin
The Shining One
Lugonu

Shops:
D:4 *

Portals:
Abyss: D:4


Innate Abilities, Weirdness & Mutations

You are resistant to torment.
Your stone body is resilient. (AC +5)
You are immune to poison.
You resist negative energy. (rN+)
You are resistant to electric shocks. (rElec)
You can survive without breathing.
You are immune to petrification.
You are immune to miasma.


Message History

Things that are here:
a +0 club; a +0 ring mail; an orc corpse You hit the orc priest but do no damage.
The orc priest is severely wounded.
The orc priest mumbles some strange prayers to Beogh against you.
Pain shoots through your body!
* * * LOW HITPOINT WARNING * * *
The orc priest hits you but does no damage.
Unknown command.
Casting: Sting (safe; 1% risk of failure)
Confirm with . or Enter, or press ? or * to list all spells.
Aiming: Sting (safe; 1% risk of failure)
Press: ? - help, Shift-Dir - straight line, f/p - orc priest
Aim: an orc priest, wearing a +0 plate armour (severely wounded, very poisoned, 15% to evade)
The sting hits the orc priest but does no damage.
The orc priest looks even sicker.
The orc priest is severely wounded.
The orc priest calls down the wrath of Beogh upon you.
Pain shoots through your body!
You die...

###############
........<@o...#
....#########.....
# ###


You could see an orc priest (very poisoned).

Vanquished Creatures
  Edmund (D:5)
  A water moccasin (D:7)
  A phantom (D:6)
  An orc warrior (D:6)
  2 ogres
  2 centaurs
  A bullfrog (D:6)
  3 wights
  A howler monkey (D:6)
  An orc priest (D:4)
  A hound (D:3)
  A centaur skeleton (D:6)
  A worker ant (D:5)
  2 hound skeletons
  A hound zombie (D:6)
  A worker ant zombie (D:5)
  5 adders
  7 gnolls
  A shadow imp (D:5)
  An ooze (D:3)
  3 adder skeletons
  2 worms
  A dart slug (D:1)
  2 leopard geckos
  16 orcs
  6 giant cockroaches
  6 goblins
  4 hobgoblins
  5 jackals
  6 kobolds
  4 quokkas
  2 ball pythons
  2 bats (D:3)
  5 frilled lizards
  A jackal skeleton (D:6)
  A leopard gecko zombie (D:6)
  5 rats
  A lurking horror (D:4)
107 creatures vanquished.

Vanquished Creatures (others)
  3 plants (D:6)
  2 withered plants (D:6)
5 creatures vanquished.

Grand Total: 112 creatures vanquished

Notes
Turn   | Place    | Note
-------+----------+-------------------------------------------
     0 | D:1      | Almogavar the Gargoyle Venom Mage began the quest for the
                  | Orb.
     0 | D:1      | Reached XP level 1. HP: 10/10 MP: 3/3
   410 | D:1      | Reached XP level 2. HP: 15/15 MP: 1/5
   413 | D:1      | Learned a level 2 spell: Poisonous Vapours
  1663 | D:2      | Reached XP level 3. HP: 19/19 MP: 0/6
  1902 | D:2      | Found a sacrificial altar of Ru.
  2072 | D:2      | Reached skill level 1 in Transmutations
  2533 | D:3      | You fall into a shaft and drop 3 floors!
  2543 | D:6      | Reached XP level 4. HP: 18/24 MP: 8/8
  2742 | D:6      | Noticed a phantom
  2759 | D:6      | Got a transparent dagger
  2762 | D:6      | Noticed an orc warrior
  2779 | D:6      | Found an ancient bone altar of Kikubaaqudgha.
  2780 | D:6      | Found a blossoming altar of Fedhas.
  2865 | D:5      | Entered Level 5 of the Dungeon
  2893 | D:5      | Noticed Edmund
  2894 | D:5      | Noticed a centaur
  3204 | D:4      | Found a corrupted altar of Lugonu.
  3204 | D:4      | Found a one-way gate to the infinite horrors of the Abyss.
  3337 | D:3      | Reached XP level 5. HP: 24/28 MP: 9/9
  3434 | D:4      | Reached skill level 4 in Poison Magic
  3798 | D:4      | Found a staircase to the Ecumenical Temple.
  3845 | Temple   | Entered the Ecumenical Temple
  3868 | Temple   | Became a worshipper of Sif Muna the Loreminder
  3957 | D:4      | Identified the +1 dagger "Utyodgho" {vamp, Dex+4} (You
                  | found it on level 6 of the Dungeon)
  4363 | D:3      | Reached XP level 6. HP: 32/32 MP: 11/11
  4535 | D:3      | Found a shadowy altar of Dithmenos.
  4555 | D:3      | Reached * piety under Sif Muna
  5004 | D:3      | Reached skill level 1 in Fighting
  5249 | D:4      | Found Remirr's General Store.
  5257 | D:4      | Bought a scroll of remove curse for 39 gold pieces
  5625 | D:5      | Reached XP level 7. HP: 32/38 MP: 13/13
  5636 | D:5      | Reached skill level 5 in Poison Magic
  5715 | D:5      | Killed Edmund
  5999 | D:5      | Found a snail-covered altar of Cheibriados.
  6006 | D:5      | Found a radiant altar of Vehumet.
  6335 | D:5      | Found a shimmering altar of Xom.
  6478 | D:5      | Learned a level 3 spell: Ignite Poison
  7267 | D:5      | Reached XP level 8. HP: 9/43 MP: 15/15
  7622 | D:6      | Reached skill level 1 in Shields
  7743 | D:6      | Found a burning altar of Makhleb.
  7780 | D:6      | Reached skill level 6 in Poison Magic
  8010 | D:6      | Reached skill level 5 in Spellcasting
  8574 | D:7      | Killed from afar by an orc priest

Illustrated notes

Levels and vault maps discovered:
D:1:      kennysheep_arrival_seaside, layout_loops_corners
D:2:      layout_loops_ring, nicolae_ru_sacrificial_ziggurat
D:3:      layout_basic, grunt_dithmenos_smoke, lemuel_another_geyser
D:4:      layout_loops_ring, minmay_temple_entry_butterflies, serial_shops,
          shop, amcnicky_altar_lugonu_corruption
D:5:      layout_basic, xom_teletrap_fun, amethyst_overflow_temple_binary,
          chequers_serial_rivers_micro_e, uniq_edmund
D:6:      layout_basic, grunt_temple_overflow_growth_and_decay, basic_altar
D:7:      layout_rooms, uniq_harold
Temple:   eino_temple_lava

Skill      XL: |  1  2  3  4  5  6  7  8 |
---------------+-------------------------+-----
Transmutations | 1 2 3 |  3.4
Spellcasting   | 3 4 5 |  5.1
Poison Magic   | 4 5 6 |  6.1
Fighting       | 1 2 |  2.2
Dodging        | 2 3 |  3.2
Stealth        | 3 |  3.2
Shields        | 2 |  2.0
Air Magic      | |  0.7

Action                   |  1- 3 |  4- 6 |  7- 9 || total
-------------------------+-------+-------+-------++-------
Melee: Dagger            |       |    37 |   103 ||   140
       Flail             |       |       |    92 ||    92
 Cast: Sting             |    55 |   130 |    44 ||   229
       Poisonous Vapours |       |     2 |     8 ||    10
  Use: Scroll            |     6 |     6 |     1 ||    13
Armor: Robe              |     8 |    45 |    76 ||   129
Dodge: Dodged            |    28 |    84 |   151 ||   263
Block: Other             |       |     3 |    46 ||    49
       Reflection        |       |       |     1 ||     1
